 Dungeon Crawl Stone Soup version 0.23.0-3-gf3c87f2 (webtiles) character file.

Game seed: 724414585391590363

1242 Borgoz the Ducker (level 8, 0/63 HPs)
             Began as a Ghoul Monk on Feb 23, 2019.
             Was a Believer of Ashenzari.
             Slain by an orc priest
             ... wielding a cursed -1 mace
              (2 damage)
             ... on level 5 of the Dungeon.
             The game lasted 00:11:38 (5082 turns).

Borgoz the Ducker (Ghoul Monk)                      Turns: 5082, Time: 00:11:39

Health: 0/63       AC:  3    Str: 15    XL:     8   Next: 49%
Magic:  7/7        EV: 21    Int:  6    God:    Ashenzari [**....]
Gold:   311        SH:  0    Dex: 17    Spells: 7/7 levels left

rFire    . . .     SeeInvis .   a - +1 dagger (drain)
rCold    + . .     Gourm    .   (no shield)
rNeg     + + +     Faith    .   l - +0 robe
rPois    ∞         Spirit   .   (no helmet)
rElec    .         Reflect  .   (no cloak)
rCorr    .         Harm     .   h - +0 pair of gloves
MR       .....                  (no boots)
Stlth    ++++......             (no amulet)
HPRegen  0.00/turn              (no ring)
MPRegen  0.10/turn              (no ring)

@: agile, rotting
A: rotting body, claws 1, carnivore, cold resistance 1, negative energy
resistance 3, inhibited regeneration, torment resistance, unbreathing
a: Curse Item, Scrying, Renounce Religion


You were on level 5 of the Dungeon.
You worshipped Ashenzari.
Ashenzari was pleased with you.
You were not hungry.

You visited 2 branches of the dungeon, and saw 6 of its levels.

You collected 311 gold pieces.

Inventory:

Hand Weapons
 a - a +1 dagger of draining (weapon)
 b - a +0 blowgun
Missiles
 m - 4 curare-tipped needles
Armour
 h - a +0 pair of gloves (worn)
 l - a +0 robe (worn)
Wands
 d - a wand of flame (15)
 e - a wand of acid (13)
Scrolls
 f - 6 scrolls of identify
 j - 2 scrolls of amnesia
 n - a scroll of remove curse
 o - a scroll of enchant weapon
Potions
 k - a potion of magic
Comestibles
 c - 15 rations


   Skills:
 - Level 3.2 Fighting
 * Level 6.3 Short Blades
 * Level 6.3 Dodging
 + Level 5.7 Stealth


You had 7 spell levels left.
You didn't know any spells.
Your spell library was empty.

Dungeon Overview and Level Annotations

Branches:
Dungeon (5/15)             Temple (1/1) D:5

Altars:
Ashenzari
Cheibriados
Dithmenos
Elyvilon
Fedhas
Gozag
Hepliaklqana
Makhleb
Okawaru
Qazlal
Ru
Sif Muna
Trog
Uskayaw
Vehumet
Xom
Yredelemnul
The Shining One

Annotations:
D:4 3 runed translucent doors, bgiannan's ghost, amateur DEFE


Innate Abilities, Weirdness & Mutations

Your body is rotting away.
You thrive on raw meat.
You are immune to poison.
You have sharp fingernails.
You are carnivorous and can eat meat at any time.
Your flesh is cold resistant. (rC+)
You are immune to negative energy. (rN+++)
You do not regenerate when monsters are visible.
You are immune to unholy pain and torment.
You can survive without breathing.


Message History

The orc priest misses you.
You hit the orc priest.
The orc priest is severely wounded.
The orc priest misses you. The phantom hits you.
* * * LOW HITPOINT WARNING * * *
The orc barely misses you.
You hit the orc priest.
The orc priest is almost dead.
The orc priest misses you. The phantom completely misses you.
You barely miss the orc priest.
The orc priest is almost dead.
The orc priest completely misses you. The orc completely misses you.
The orc priest closely misses you.
You hit the orc priest.
The orc priest is almost dead.
The phantom hits you.
* * * LOW HITPOINT WARNING * * *
The phantom blinks!
The orc priest hits you with a cursed -1 mace.
You die...

....#.......##...........,
,
....##...#..#.....=.....#
...##..###.....(#....... ,
....#..#####...>......##
##..>...###.....W......# *
#....####..###........#.#
, ##.### #.. #...)......o
, , ### ##.. #.§o.##.. ,
,,* #....#.@o## *., , *
#....)o## , ##......#
#...#.##, ###...., ,,
##.... ** ..%..#** ,.....#
* .....##


You could see a phantom, 2 orc priests and an orc.

Vanquished Creatures
  2 ice beasts (D:5)
  An ogre (D:4)
  2 centaurs (D:5)
  2 howler monkeys
  3 hounds (D:5)
  4 orc priests
  A bullfrog skeleton (D:4)
  Natasha (thrice) (D:2)
  An iguana (D:5)
  2 orc wizards (D:4)
  7 worker ants
  5 adders
  An adder zombie (D:5)
  6 worms
  7 leopard geckos
  13 orcs
  2 bats (D:1)
  3 giant cockroaches
  8 goblins
  7 hobgoblins
  18 jackals
  A quokka (D:5)
  3 frilled lizards
  6 kobolds
  A quokka skeleton (D:4)
  9 rats
118 creatures vanquished.

Vanquished Creatures (others)
  A bush (D:5)
1 creature vanquished.

Grand Total: 119 creatures vanquished

Notes
Turn   | Place    | Note
-------+----------+-------------------------------------------
     0 | D:1      | Borgoz the Ghoul Monk began the quest for the Orb.
     0 | D:1      | Reached XP level 1. HP: 19/19 MP: 0/0
   153 | D:1      | Reached XP level 2. HP: 22/25 MP: 1/1
   391 | D:1      | Reached XP level 3. HP: 13/31 MP: 2/2
  1292 | D:2      | Noticed Natasha
  1305 | D:2      | Killed Natasha
  1305 | D:2      | Reached XP level 4. HP: 12/38 MP: 3/3
  1496 | D:2      | Found a shattered altar of Ashenzari.
  1551 | D:2      | Became a worshipper of Ashenzari the Shackled
  1551 | D:2      | Reached * piety under Ashenzari
  1551 | D:2      | Reached ** piety under Ashenzari
  1552 | D:2      | Noticed Natasha
  1574 | D:2      | Killed Natasha
  1806 | D:2      | Noticed Natasha
  1823 | D:2      | Killed Natasha
  1823 | D:2      | Reached XP level 5. HP: 15/45 MP: 4/4
  2925 | D:3      | Found a deep blue altar of Sif Muna.
  2925 | D:3      | Found a basalt altar of Yredelemnul.
  2931 | D:3      | Found a faded altar of an unknown god.
  2933 | D:3      | Found a shadowy altar of Dithmenos.
  2937 | D:3      | Found a radiant altar of Vehumet.
  3106 | D:4      | Found a runed translucent gate.
  3106 | D:4      | Found a runed translucent gate.
  3106 | D:4      | Found a runed translucent gate.
  3107 | D:4      | Noticed bgiannan's ghost (amateur DEFE)
  3164 | D:4      | Reached XP level 6. HP: 32/51 MP: 5/5
  3336 | D:4      | Reached XP level 7. HP: 48/57 MP: 6/6
  3386 | D:4      | Reached skill level 5 in Dodging
  3414 | D:4      | Reached skill level 5 in Short Blades
  4009 | D:5      | Entered Level 5 of the Dungeon
  4119 | D:5      | Reached skill level 5 in Stealth
  4119 | D:5      | Reached XP level 8. HP: 33/63 MP: 7/7
  4261 | D:5      | Found a blossoming altar of Fedhas.
  4391 | D:5      | Found a staircase to the Ecumenical Temple.
  4415 | Temple   | Entered the Ecumenical Temple
  5079 | D:5      | HP: 3/63 [phantom (2)]
  5082 | D:5      | Slain by an orc priest

Skill      XL: |  1  2  3  4  5  6  7  8 |
---------------+-------------------------+-----
Short Blades   | 3 4 5 6 |  6.3
Dodging        | 3 4 5 6 |  6.3
Stealth        | 3 4 5 |  5.7
Fighting       | |  3.2

Action                   |  1- 3 |  4- 6 |  7- 9 || total
-------------------------+-------+-------+-------++-------
Melee: Dagger            |   225 |   150 |   322 ||   697
       Short sword       |     2 |       |       ||     2
Evoke: Wand              |       |     4 |       ||     4
  Use: Scroll            |     1 |     5 |     2 ||     8
       Potion            |     1 |     3 |     1 ||     5
 Stab: Sleeping          |     4 |     8 |     2 ||    14
  Eat: Chunk             |    17 |    17 |    41 ||    75
Armor: Robe              |    22 |    14 |    39 ||    75
Dodge: Dodged            |   127 |    78 |   212 ||   417
